Map: Романтицид РВ

Players

ИИ 1 (знаток)

  • Race: Zerg Zerg
  • Spawn Location: 11:00

Doll - Winner!

  • Race: Protoss Protoss
  • Spawn Location: 5:00

VOD

Have the link to the VOD?

Description

Time

  • Played on: Dec. 19, 2020, 8:39 a.m.
  • Length: 11:11
Show
View Real Time Build Order
Export as new Build Order

ИИ 1 (знаток) Zerg 

Build Orders: Hatch First 

Get SALT Encoding   

  12  0:00  Drone  
  13  0:12  Overlord  
  13  0:16  Drone  
  14  0:31  Drone x2  
  14  0:34  Drone  
  17  0:56  Hatchery, Drone  
  17  1:10  Spawning Pool  
  16  1:13  Drone  
  16  1:15  Drone  
  18  1:18  Extractor  
  18  1:21  Drone  
  18  1:28  Overlord  
  18  1:38  Drone  
  19  1:59  Queen  
  19  2:00  Zergling x4  
  23  2:02  Roach Warren  
  23  2:07  Drone  
  23  2:09  Extractor  
  23  2:11  Drone  
  23  2:23  Lair  
  23  2:43  Extractor  
  22  2:51  Extractor  
  22  2:53  Drone  
  22  2:57  Drone  
  23  3:00  Drone  
  24  3:19  Drone  
  25  3:23  Drone  
  25  3:26  Hydralisk Den  
  26  3:27  Drone  
  26  3:30  Drone, Overlord  
  27  3:43  Drone  
  27  3:48  Drone x2  
  29  3:49  Drone  
  29  3:50  Roach  
  29  3:53  Drone  
  34  3:56  Drone  
  34  3:57  Lurker Den  
  34  3:59  Drone  
  36  4:02  Drone  
  36  4:05  Overlord, Hydralisk  
  38  4:18  Hydralisk  
  40  4:26  Overlord  
  40  4:32  Roach  
  42  4:45  Roach  
  44  4:46  Drone  
  44  4:50  Drone  
  46  4:55  Overlord  
  46  4:57  Hydralisk  
  46  4:58  Ravager  
  49  5:03  Drone  
  49  5:06  Drone  
  51  5:08  Drone  
  51  5:10  Hydralisk  
  51  5:11  Drone  
  51  5:13  Drone  
  56  5:18  Overlord  
  56  5:21  Drone  
  56  5:23  Hydralisk  
  56  5:24  Drone  
  60  5:29  Drone  
  60  5:32  Drone  
  62  5:36  Ravager  
  62  5:37  Evolution Chamber  
  62  5:40  Roach  
  62  5:42  Drone  
  65  5:44  Drone  
  65  5:46  Overlord  
  65  5:49  Drone  
  67  5:52  Drone  
  67  5:53  Drone  
  69  6:03  Drone  
  69  6:04  Zerg Melee Weapons Level 1, Drone  
  71  6:12  Burrow  
  71  6:13  Drone  
  71  6:14  Drone  
  71  6:16  Overlord  
  71  6:17  Roach  
  76  6:18  Drone  
  76  6:25  Drone x2  
  77  6:34  Ravager  
  77  6:35  Ravager  
  77  6:36  Roach  
  77  6:38  Overlord  
  81  6:49  Roach  
  82  6:57  Overlord  
  76  7:02  Roach  
  69  7:15  Roach  
  56  7:22  Queen  
  56  7:25  Drone  
  56  7:28  Roach  
  58  7:30  Overlord  
  58  7:34  Overseer  
  58  7:40  Hydralisk  
  58  7:42  Baneling Nest  
  57  7:44  Spore Crawler  
  57  7:48  Overlord, Spore Crawler  
  52  7:52  Overseer  
  52  7:53  Zergling x2  
  52  7:54  Overlord  
  53  8:05  Roach Warren  
  53  8:06  Overseer  
  53  8:08  Hydralisk Den  
  53  8:09  Spore Crawler  
  53  8:12  Overlord  
  47  8:15  Drone  
  47  8:16  Drone  
  47  8:22  Drone  
  47  8:24  Drone  
  47  8:29  Drone  
  47  8:31  Overlord  
  47  8:32  Spore Crawler  
  47  8:33  Overseer  
  46  8:34  Hydralisk Den  
  44  8:42  Overlord  
  44  8:43  Overlord  
  44  8:46  Drone  
  44  8:47  Drone x2  
  38  8:49  Drone  
  37  8:57  Overlord  
  37  9:02  Zergling x4  
  35  9:03  Zergling x2  
  34  9:10  Overlord  
  34  9:12  Overlord  
  33  9:18  Overlord  
  31  9:25  Evolution Chamber  
  31  9:30  Overlord  
  30  9:34  Pneumatized Carapace  
  30  9:36  Evolution Chamber  
  29  9:48  Overseer, Overlord  
  29  9:49  Roach, Drone x2  
  29  9:51  Drone, Spawning Pool  
  31  9:53  Drone x2  
  31  9:54  Roach  
  31  9:59  Hatchery  
  32  10:00  Hydralisk Den  
  32  10:01  Hatchery, Drone  
  32  10:03  Drone  
  32  10:05  Overseer  
  33  10:07  Drone  
  33  10:10  Drone  
  33  10:17  Hatchery, Drone  
  30  10:33  Overlord  
  30  10:37  Lurker Den  
  30  10:38  Roach Warren, Hydralisk  
  30  10:52  Zergling x2  
  30  10:53  Drone  
Show
View Real Time Build Order
Export as new Build Order

Doll Protoss - Winner!

Build Orders:  

Get SALT Encoding   

  12  0:01  Probe  
  13  0:13  Probe  
  14  0:20  Pylon  
  14  0:25  Probe  
  15  0:39  Gateway  
  15  0:41  Probe (Chrono Boost)  
  16  0:52  Probe (Chrono Boost)  
  16  0:56  Pylon  
  17  0:57  Assimilator  
  17  0:59  Probe  
  19  1:11  Probe, Gateway  
  19  1:23  Assimilator  
  19  1:24  Probe  
  20  1:26  Zealot  
  22  1:36  Probe  
  23  1:44  Cybernetics Core  
  23  1:48  Probe  
  26  1:54  Zealot  
  26  1:59  Zealot  
  28  2:03  Probe  
  29  2:16  Pylon  
  29  2:20  Warp Gate  
  29  2:22  Stalker  
  31  2:35  Stalker  
  31  2:36  Probe  
  34  2:41  Pylon  
  34  2:48  Probe  
  35  2:52  Stalker  
  37  3:03  Stargate  
  39  3:06  Sentry  
  39  3:08  Probe  
  40  3:20  Probe  
  40  3:23  Zealot  
  43  3:28  Stargate  
  43  3:35  Pylon  
  43  3:37  Adept  
  45  3:43  Probe  
  46  3:48  Pylon  
  46  3:52  Void Ray  
  46  4:02  Probe  
  51  4:26  Probe, Nexus  
  51  4:30  Void Ray  
  56  4:39  Probe  
  57  4:49  Pylon  
  57  4:51  Probe  
  57  4:52  Void Ray  
  62  5:03  Probe  
  63  5:11  Zealot  
  63  5:12  Zealot  
  67  5:15  Void Ray  
  71  5:30  Pylon  
  71  5:42  Forge  
  71  5:48  Forge  
  71  5:50  Probe x2  
  71  5:55  Sentry  
  75  6:00  Stalker  
  77  6:08  Probe  
  77  6:10  Probe  
  79  6:11  Twilight Council  
Tags
 
Add a new tag
Caveats
  • Supply blocks, unpowered buildings, or Contaminate may cause inaccurate times.
  • Supply counts are checked every 10 seconds.